 Dungeon Crawl Stone Soup version 0.30-a0-651-g0755cc6dcf (webtiles) character file.

Game seed: 18319196037434117668

9747 CoinPitGoblin the Eclecticist (level 11, -1/57 HPs)
             Began as a Deep Elf Fire Elementalist on Jan 16, 2023.
             Was an Initiate of Gozag.
             Slain by an ogre
             ... wielding a +0 giant club
             ... led by Lodul
              (28 damage)
             ... on level 10 of the Dungeon on Jan 17, 2023.
             The game lasted 00:37:04 (15847 turns).

CoinPitGoblin the Eclecticist (DEFE)               Turns: 15847, Time: 00:37:05

Health: -1/57      AC:  6    Str:  5    XL:     11   Next: 27%
Magic:  22/35      EV: 23    Int: 29    God:    Gozag
Gold:   499        SH:  0    Dex: 22    Spells: 29/47 levels left

rFire   + + .      SeeInvis .    w - staff of fire
rCold   . . .      Faith    .    (no shield)
rNeg    + + .      Spirit   .    z - +1 robe {rF+}
rPois   +          Reflect  .    (no helmet)
rElec   +          Harm     .    x - +0 cloak
rCorr   .          Rampage  .    R - +0 pair of gloves
Will    +....                    B - +0 pair of boots
Stlth   +++                      (no amulet)
HPRegen 0.29/turn                M - ring "Baqaurgh" {rElec rPois rN+ EV+5}
MPRegen 0.24/turn                C - ring "Fetivup" {rN+ Int+4 Dex+7 Slay-6}

@: studying Dodging
A: no striking features
a: Renounce Religion, Potion Petition, Call Merchant, Bribe Branch


You were on level 10 of the Dungeon.
You worshipped Gozag.
Gozag was aware of your devotion.
You visited 2 branches of the dungeon, and saw 11 of its levels.
You also visited: Ossuary and Bailey.

You collected 2405 gold pieces.
You spent 1345 gold pieces at shops.
You paid 561 gold pieces to Gozag.

Inventory:

Hand Weapons
 e - a +0 dagger of freezing
 l - a +0 quarterstaff
 O - a +3 shortbow
Armour
 t - a +0 pair of gloves
 x - a +0 cloak (worn)
 z - a +1 robe of fire resistance (worn)
 B - a +0 pair of boots (worn)
 N - a +2 robe of willpower
 R - a +0 pair of gloves (worn)
Magical Staves
 w - a staff of fire (weapon)
Jewellery
 h - a ring of poison resistance
 C - the ring "Fetivup" (right hand) {rN+ Int+4 Dex+7 Slay-6}
   (You bought it in a shop on level 8 of the Dungeon)

   [ring of positive energy]

   Int:       It affects your intelligence (+4).
   Dex:       It affects your dexterity (+7).
   Slay:      It affects your accuracy & damage with ranged weapons and melee
   (-6).
   rN:        It protects you from negative energy.
 M - the ring "Baqaurgh" (left hand) {rElec rPois rN+ EV+5}
   (You bought it in a shop on level 8 of the Dungeon)

   [ring of evasion]

   EV:        It affects your evasion (+5).
   rElec:     It insulates you from electricity.
   rPois:     It protects you from poison.
   rN:        It protects you from negative energy.
 Q - the ring "Funeihi" {rF+ Stlth+}
   (You found it on level 9 of the Dungeon)

   [ring of protection from fire]

   rF:        It protects you from fire.
   Stlth:     It makes you more stealthy.
Wands
 a - a wand of quicksilver (4)
 k - a wand of polymorph (3)
 n - a wand of flame (16)
 q - a wand of roots (12)
 y - a wand of paralysis (20)
Scrolls
 o - 2 scrolls of fear
 u - 3 scrolls of teleportation
 E - 4 scrolls of enchant weapon
 G - a scroll of brand weapon
 H - 5 scrolls of enchant armour
 J - a scroll of identify
 K - a scroll of magic mapping {unknown}
 L - 2 scrolls of vulnerability
 P - a scroll of silence {unknown}
 S - a scroll of fog
 T - a scroll of amnesia
Potions
 b - 2 potions of magic
 c - 3 potions of lignification
 d - 6 potions of might
 f - 2 potions of attraction {unknown}
 g - 3 potions of mutation {unknown}
 i - 5 potions of curing
 j - 2 potions of resistance {unknown}
 m - 2 potions of haste
 p - 3 potions of invisibility {unknown}
 r - 4 potions of heal wounds {unknown}
 s - 3 potions of brilliance
 v - 3 potions of flight {unknown}
 A - a potion of ambrosia {unknown}
 D - 2 potions of cancellation {unknown}
 F - a potion of experience {unknown}
 I - a potion of berserk rage {unknown}


   Skills:
 + Level 1.7 Fighting
 + Level 7.7 Dodging
 - Level 2.4 Stealth
 + Level 18.7 Spellcasting
 - Level 1.1 Conjurations
 + Level 10.8 Hexes
 - Level 3.2 Fire Magic


You had 29 spell levels left.
You knew the following spells:

 Your Spells              Type           Power      Damage    Failure   Level
a - Inner Flame           Hex/Fire       80%        N/A       1%          3
b - Metabolic Englaciati  Hex/Ice        27%        N/A       4%          5
c - Mephitic Cloud        Conj/Pois/Air  29%        N/A       4%          3
d - Ozocubu's Armour      Ice            27%        N/A       4%          3
e - Vhi's Electric Charg  Tloc/Air       54%        N/A       4%          3
q - Foxfire               Conj/Fire      100%       2x1d9     1%          1

Your spell library contained the following spells:

 Spells                   Type           Power      Damage    Failure   Level
 Scorch                   Fire           100%       2d10      1%          2
 Cigotuvi's Dreadful Rot  Necr/Pois/Air  54%        N/A       2%          2
 Poisonous Vapours        Pois/Air       54%        N/A       2%          2
 Kindle Blastsparks       Fire/Tloc/Air  100%       2d18      3%          3
 Flame Wave               Conj/Fire      56%        2d13      6%          4
 Arcjolt                  Conj/Air       15%        1d25      34%         5
 Maxwell's Capacitive Co  Air            13%        ∞         100%        8
 Simulacrum               Ice/Necr       Unusable   N/A       N/A         6

Dungeon Overview and Level Annotations

Branches:
Dungeon (10/15)            Temple (1/1) D:4            Lair (0/5) D:8
Ossuary (visited)          Bailey (visited)
    Orc: D:9-12

Altars:
Ashenzari
Cheibriados
Dithmenos
Elyvilon
Fedhas
Gozag
Hepliaklqana
Kikubaaqudgha
Makhleb
Nemelex Xobeh
Okawaru
Qazlal
Ru
Sif Muna
Trog
Uskayaw
Vehumet
Wu Jian
Xom
Yredelemnul
Zin
The Shining One

Shops:
D:1 :   D:5 [[!   D:8 =


Message History

Confirm with . or Enter, or press ? or * to list all spells.
Aiming: Inner Flame (safe; 1% risk of failure)
Press: ? - help, Dir - move target, f - ogre, p - ogre
Aim: an ogre, wielding a +0 giant club (chance to affect: 98%)
You feel a surge of power!
The ogre is filled with an inner flame.
The ogre shouts!
You hear a shout!
Casting: Inner Flame (safe; 1% risk of failure)
Confirm with . or Enter, or press ? or * to list all spells.
Aiming: Inner Flame (safe; 1% risk of failure)
Press: ? - help, Dir - move target, f - ogre, p - ogre
Aim: an ogre, wielding a +0 giant club (chance to affect: 98%)
You feel a surge of power!
The ogre is filled with an inner flame.
An ogre comes into view. It is wielding a +0 giant club.
Casting: Inner Flame (safe; 1% risk of failure)
Confirm with . or Enter, or press ? or * to list all spells.
Aiming: Inner Flame (safe; 1% risk of failure)
Press: ? - help, Dir - move target, f - ogre, p - ogre
Aim: an ogre, wielding a +0 giant club (chance to affect: 98%)
You feel a surge of power!
The ogre is filled with an inner flame.
Casting: Inner Flame (safe; 1% risk of failure)
Confirm with . or Enter, or press ? or * to list all spells.
Aiming: Inner Flame (safe; 1% risk of failure)
Press: ? - help, Dir - move target, f - ogre, p - ogre
Aim: an ogre, wielding a +0 giant club (chance to affect: 98%)
You feel a surge of power!
The ogre is filled with an inner flame.
You hit the ogre but do no damage. The ogre completely misses you. x3
You barely miss the ogre. You hit the ogre but do no damage.
The ogre completely misses you. x3
The ogre misses you.
You hit the ogre.
Flame seeps out of the ogre.
The ogre is lightly wounded.
The ogre hits you with a +0 giant club!!
The ogre is engulfed in blazing flames.
Flame seeps out of the ogre.
The ogre completely misses you. The ogre hits you with a +0 giant club!
The ogre misses you. The ogre completely misses you. x2
The ogre attacks as you move away! The ogre misses you.
The ogre attacks as you move away!
The ogre hits you with a +0 giant club!!
You die...
Your body crumbles into a pile of gold.

.............#
.............#
.............#
.........(...#
.............#
.......O.....#
......OOO....#
...>..O@O....#
......O......#
.............#
.............#
.............#
.............#
.............#
.............#
.............#
.#


You could see 7 ogres.

Vanquished Creatures
  3 two-headed ogres
  2 orc knights (Bailey)
  2 manticores
  A troll (D:10)
  Sigmund (D:6)
  A vampire (D:7)
  A wyvern (D:8)
  4 basilisks (D:8)
  A wraith (D:9)
  2 steam dragons
  An acid dragon (D:9)
  A water moccasin (D:7)
  8 orc warriors
  A sky beast (D:7)
  4 ice beasts
  2 centaurs
  An ogre (D:6)
  A phantom (D:6)
  4 bullfrogs
  A kobold brigand (D:6)
  2 necrophages (D:6)
  A gnoll sergeant (D:7)
  3 scorpions
  4 wights (D:8)
  19 killer bees
  3 howler monkeys
  2 hounds
  3 jellies
  4 gnoll boudas (D:5)
  5 orc priests
  7 orc wizards
  Terence (D:2)
  4 iguanas
  8 mummies (Ossuary)
  6 adders
  21 gnolls
  2 shadow imps (D:5)
  2 white imps
  2 worms (D:4)
  6 dart slugs
  51 orcs
  5 ball pythons
  2 endoplasms
  3 giant cockroaches
  9 goblins
  13 hobgoblins
  6 jackals (D:1)
  11 kobolds
  6 quokkas
  2 bats (D:1)
  4 frilled lizards
  3 gnoll zombies (Ossuary)
  2 hobgoblin zombies (Ossuary)
  2 kobold zombies (Ossuary)
  An orc zombie (Ossuary)
  A rat (D:3)
268 creatures vanquished.

Vanquished Creatures (collateral kills)
  5 foxfires (D:7)
5 creatures vanquished.

Vanquished Creatures (others)
  1377 foxfires
  16 plants
1393 creatures vanquished.

Grand Total: 1666 creatures vanquished

Notes
Turn   | Place    | Note
-------+----------+-------------------------------------------
     0 | D:1      | CoinPitGoblin the Deep Elf Fire Elementalist began the
                  | quest for the Orb.
     0 | D:1      | Reached XP level 1. HP: 10/10 MP: 6/6
   176 | D:1      | Reached skill level 1 in Hexes
   416 | D:1      | Reached XP level 2. HP: 15/15 MP: 2/8
   834 | D:1      | Reached skill level 4 in Spellcasting
   901 | D:1      | Found Isuil's Book Shoppe.
  1135 | D:1      | Reached XP level 3. HP: 19/19 MP: 5/10
  1614 | D:2      | Learned a level 3 spell: Inner Flame
  1733 | D:2      | Noticed Terence
  1737 | D:2      | Killed Terence
  1738 | D:2      | Reached skill level 5 in Spellcasting
  1738 | D:2      | Reached XP level 4. HP: 18/24 MP: 8/13
  2442 | D:2      | Found a broken altar of Ashenzari.
  3165 | D:3      | Found a sparkling altar of Nemelex Xobeh.
  3165 | D:3      | Found a bloodstained altar of Trog.
  3165 | D:3      | Found a glowing golden altar of the Shining One.
  3165 | D:3      | Found a radiant altar of Vehumet.
  3171 | D:3      | Found a blossoming altar of Fedhas.
  3171 | D:3      | Found a glowing silver altar of Zin.
  3373 | D:3      | Reached skill level 6 in Spellcasting
  3443 | D:3      | Found a faded altar of an unknown god.
  3485 | D:3      | Reached XP level 5. HP: 28/28 MP: 12/15
  4535 | D:4      | Found a staircase to the Ecumenical Temple.
  4581 | D:4      | Reached skill level 7 in Spellcasting
  4601 | Temple   | Entered the Ecumenical Temple
  4601 | Temple   | Found a transporter.
  4601 | Temple   | Found a transporter.
  4622 | Temple   | Found a transporter.
  4622 | Temple   | Found a transporter.
  4663 | Temple   | Became a worshipper of Gozag Ym Sagoz the Greedy
  4721 | D:4      | Reached XP level 6. HP: 24/32 MP: 12/18
  5462 | D:5      | Entered Level 5 of the Dungeon
  5462 | D:5      | Noticed an ice beast
  5466 | D:5      | Killed an ice beast
  5467 | D:5      | Reached skill level 8 in Spellcasting
  5553 | D:5      | Found Didonga's Armour Emporium.
  5615 | D:5      | Found Lejoasta's Distillery.
  5797 | D:5      | Reached skill level 9 in Spellcasting
  5797 | D:5      | Reached XP level 7. HP: 37/37 MP: 11/21
  6188 | D:5      | Reached skill level 10 in Spellcasting
  6879 | D:5      | Found Wagah's Antique Armour Boutique.
  6903 | D:5      | Reached skill level 11 in Spellcasting
  6903 | D:5      | Reached XP level 8. HP: 42/42 MP: 20/25
  7328 | D:6      | Reached skill level 5 in Hexes
  7604 | D:6      | Noticed Sigmund
  7608 | D:6      | Killed Sigmund
  7768 | D:6      | Reached skill level 12 in Spellcasting
  8245 | D:6      | Reached skill level 13 in Spellcasting
  8794 | D:7      | Found a stormy altar of Qazlal.
  8913 | D:7      | Reached XP level 9. HP: 46/46 MP: 21/28
  8994 | D:7      | Found a sand-covered staircase.
  9029 | Ossuary  | Entered an ossuary
  9530 | D:7      | Noticed a manticore
  9538 | D:7      | Killed a manticore
  9539 | D:7      | Reached skill level 1 in Fighting
  9539 | D:7      | Reached skill level 14 in Spellcasting
 10204 | D:7      | Identified the +12 plate armour of Liatsipa {Harm}
 10299 | D:7      | Reached skill level 15 in Spellcasting
 10403 | D:7      | Learned a level 5 spell: Metabolic Englaciation
 10407 | D:7      | Learned a level 3 spell: Mephitic Cloud
 10411 | D:7      | Learned a level 3 spell: Ozocubu's Armour
 10415 | D:7      | Learned a level 3 spell: Vhi's Electric Charge
 10527 | D:5      | Bought a glowing robe for 96 gold pieces
 10580 | D:8      | Bought the ring "Fetivup" {rN+ Int+4 Dex+7 Slay-6} for 373
                  | gold pieces
 10613 | D:8      | Found a flagged portal.
 10715 | Bailey   | Entered a bailey
 11176 | Bailey   | Noticed an orc knight
 11244 | Bailey   | Killed an orc knight
 11371 | Bailey   | Reached XP level 10. HP: 52/52 MP: 23/31
 11437 | Bailey   | HP: 2/52 [orc warrior/+0 glaive (12)]
 11439 | Bailey   | Reached skill level 16 in Spellcasting
 11720 | Bailey   | Noticed an orc knight
 11776 | Bailey   | Killed an orc knight
 12698 | D:8      | Reached skill level 5 in Dodging
 12715 | D:8      | Reached skill level 17 in Spellcasting
 12856 | D:8      | Found a staircase to the Lair.
 13670 | D:8      | Bought the ring "Baqaurgh" {rElec rPois rN+ EV+5} for 876
                  | gold pieces
 13836 | D:9      | Noticed a two-headed ogre
 13852 | D:9      | Killed a two-headed ogre
 14199 | D:9      | Reached skill level 18 in Spellcasting
 14415 | D:9      | Reached skill level 10 in Hexes
 14496 | D:9      | Noticed a manticore
 14651 | D:9      | Killed a manticore
 14652 | D:9      | Reached XP level 11. HP: 42/56 MP: 28/35
 14900 | D:9      | Identified the ring "Funeihi" {rF+ Stlth+}
 15430 | D:10     | Entered Level 10 of the Dungeon
 15546 | D:10     | Noticed a two-headed ogre
 15552 | D:10     | Killed a two-headed ogre
 15680 | D:10     | Noticed a two-headed ogre
 15692 | D:10     | Killed a two-headed ogre
 15847 | D:10     | Slain by an ogre

Illustrated notes

Levels and vault maps discovered:
D:1:      kennysheep_arrival_seaside, layout_basic, serial_shops, shop
D:2:      layout_loops_corners, basic_altar, uniq_terence
D:3:      layout_basic, minmay_overflow_temple_hex,
          shapermc_ecumenical_altar_venn
D:4:      layout_cave_pools, minmay_temple_entry_gardened_gates
D:5:      layout_basic, serial_curves, eino_curves_02, eino_curves_01,
          serial_shops, shop, nicolae_shop_hallway_plus, nicolae_take_the_stairs
D:6:      layout_loops_corners, minmay_fractal_squares_gapless_5, uniq_sigmund
D:7:      layout_gridville, mainiacjoe_overflow_chevrons, enter_ossuary_2,
          corner_web_ring, grunt_ministairs_10, kennysheep_decorative_pillar,
          chequers_serial_rivers_marsh, minmay_manual_moon
D:8:      layout_basic, erik_lair_dragon, enter_bailey_2
D:9:      layout_roguey, serial_aquarium, aquarium_bridge_straight
          [aquarium_subvault_bridge, aquarium_subvault_window,
          aquarium_subvault_bridge, aquarium_subvault_balcony],
          aquarium_bridge_square [aquarium_subvault_bridge,
          aquarium_subvault_bridge, aquarium_subvault_bridge,
          aquarium_subvault_window], aquarium_window_fake, aquarium_window_fake,
          aquarium_window_fake, aquarium_window_1, aquarium_view_2f,
          aquarium_view_2d, aquarium_balcony_1a, hive_lemuel
D:10:     layout_long_grid, minmay_shop_damaged, nicolae_shop_i_like_big_books,
          uniq_joseph, uniq_snorg, uniq_lodul
Temple:   hellmonk_temple_divided_pantheon

Skill      XL: |  1  2  3  4  5  6  7  8  9 10 |
---------------+-------------------------------+-----
Hexes          | 1 2 3 4 6 8 10 | 10.8
Spellcasting   | 4 5 6 7 9 11 13 15 18 | 18.7
Dodging        | 3 4 7 |  7.7
Fighting       | 1 |  1.7
Stealth        | |  2.4
Conjurations   | |  1.1
Fire Magic     | |  3.2

Action                   |  1- 3 |  4- 6 |  7- 9 | 10-12 || total
-------------------------+-------+-------+-------+-------++-------
Melee: Dagger            |     1 |       |       |       ||     1
       Quarterstaff      |       |     7 |     7 |       ||    14
       Staff             |       |       |     1 |    18 ||    19
 Cast: Foxfire           |    91 |   224 |   306 |   201 ||   822
       Inner Flame       |     2 |     2 |    35 |    51 ||    90
       Metabolic Englaci |       |       |       |     2 ||     2
       Ozocubu's Armour  |       |       |       |     1 ||     1
       Mephitic Cloud    |       |       |       |     1 ||     1
Invok: Call Merchant     |       |       |     1 |       ||     1
Evoke: Wand              |       |       |       |     1 ||     1
  Use: Scroll            |       |     4 |    13 |     2 ||    19
       Potion            |       |       |       |     1 ||     1
 Stab: Confused          |       |       |       |     1 ||     1
Armor: Robe              |       |     4 |     9 |    25 ||    38
Dodge: Dodged            |     2 |    29 |    44 |   114 ||   189

Table legend: (Time is in decaauts)
 A = Elapsed time spent in this place.
 B = Non-inter-level travel time spent in this place.
 C = Inter-level travel time spent in this place.
 D = Time resting spent in this place.
 E = Time spent auto-exploring this place.
 F = Levels seen in this place.
 G = Mean time per level.
                   A        B        C        D        E       F      G
               +--------+--------+--------+--------+--------+-----+--------+
         Total |  15868 |  14882 |    986 |    742 |  11769 |  13 | 1220.6 |
       Dungeon |  14320 |  13348 |    972 |    544 |  10866 |  10 | 1432.0 |
        Temple |     78 |     64 |     14 |      0 |     20 |   1 |   78.0 |
       Ossuary |    322 |    322 |      0 |      0 |    256 |   1 |  322.0 |
        Bailey |   1146 |   1146 |      0 |    198 |    627 |   1 | 1146.0 |
               +--------+--------+--------+--------+--------+-----+--------+

Top non-repeatable levels by time:
     D:8: 2032 daAuts
     D:5: 1757 daAuts
     D:9: 1698 daAuts
     D:6: 1605 daAuts
     D:1: 1605 daAuts
     D:7: 1420 daAuts
     D:2: 1381 daAuts
     D:3: 1367 daAuts
  Bailey: 1146 daAuts
     D:4: 1032 daAuts
    D:10: 419 daAuts
 Ossuary: 322 daAuts
  Temple: 78 daAuts
